 Dungeon Crawl Stone Soup version 0.28.0-53-g5a82cb258f (webtiles) character file.

Game seed: 16963376165397334026

24 Stomo the Chiller (level 3, 0/27 HPs)
             Began as a Vine Stalker Ice Elementalist on June 29, 2022.
             Slain by Ijyb
             ... wielding a +0 dagger
              (1 damage)
             ... on level 1 of the Dungeon.
             The game lasted 00:04:32 (1305 turns).

Stomo the Chiller (Vine Stalker Ice Elementalist)   Turns: 1305, Time: 00:04:33

Health: 0/27       AC:  2    Str: 12    XL:     3   Next: 2%
Magic:  0/7        EV: 12    Int: 15    God:
Gold:   34         SH:  0    Dex: 14    Spells: 5/6 levels left

rFire   . . .      SeeInvis .   b - +0 whip
rCold   . . .      Faith    .   (no shield)
rNeg    . . .      Spirit   +   a - +0 robe
rPois   .          Reflect  .   (no helmet)
rElec   .          Harm     .   (no cloak)
rCorr   .          Rampage  .   (no gloves)
Will    .....                   (no boots)
Stlth   ..........              (no amulet)
HPRegen 0.09/turn               (no ring)
MPRegen 0.10/turn               (no ring)

@: berserking, very quick
A: fangs 2, magic shield, antimagic bite, no potion heal 2
a: no special abilities


You were on level 1 of the Dungeon.
You visited 1 branch of the dungeon, and saw 2 of its levels.

You collected 34 gold pieces.

Inventory:

Hand Weapons
 b - a +0 whip (weapon)
 c - a +0 club
Armour
 a - a +0 robe (worn)


   Skills:
 + Level 1.1 Fighting
 + Level 1.1 Maces & Flails
 + Level 2.0 Dodging
 - Level 2.4 Stealth
 - Level 2.1 Spellcasting
 - Level 4.0 Ice Magic


You had 5 spell levels left.
You knew the following spells:

 Your Spells              Type           Power      Damage    Failure   Level
a - Freeze                Ice            52%        1d7       4%          1

Your spell library contained the following spells:

 Spells                   Type           Power      Damage    Failure   Level
 Frozen Ramparts          Ice            26%        1d4       13%         3
 Ozocubu's Armour         Ice            13%        N/A       13%         3
 Ensorcelled Hibernation  Hex/Ice        14%        N/A       14%         2
 Blink                    Tloc           2%         N/A       32%         2
 Passwall                 Tmut/Erth      0%         N/A       32%         2
 Swiftness                Air            1%         N/A       54%         3
 Hailstorm                Conj/Ice       7%         3d4       67%         4
 Manifold Assault         Tloc           1%         N/A       99%         5
 Storm Form               Tmut/Air       0%         N/A       100%        7


Dungeon Overview and Level Annotations

Branches:
Dungeon (2/15)

Altars:

Shops:
D:2 *

Annotations:
D:1 Ijyb


Innate Abilities, Weirdness & Mutations

You have extremely sharp teeth.
When hurt, damage is shared between your health and your magic reserves.
Your bite disrupts and absorbs the magic of your enemies.
Potions cannot restore your health.


Message History

Ijyb is moderately wounded.
Ijyb hits you with a +0 dagger.
Unknown command.
Casting: Freeze (safe; 4% risk of failure)
Confirm with . or Enter, or press ? or * to list all spells.
Aiming: Freeze (safe; 4% risk of failure)
Press: ? - help, Shift-Dir - straight line, f/p - Ijyb
Aim: Ijyb, wielding a +0 dagger, wearing a +0 leather armour and carrying a wand of iceblast (6) (moderately wounded)
You freeze Ijyb!
Ijyb is severely wounded.
Ijyb hits you with a +0 dagger.
You hit Ijyb but do no damage.
Ijyb is severely wounded.
Ijyb misses you.
Unknown command.
You hit Ijyb. Your bite misses Ijyb.
Ijyb is severely wounded.
Ijyb hits you with a +0 dagger.
* * * LOW HITPOINT WARNING * * *
Unknown command.
You completely miss Ijyb.
Ijyb is severely wounded.
Ijyb hits you with a +0 dagger.
* * * LOW HITPOINT WARNING * * *
Unknown command.
You closely miss Ijyb. Your bite misses Ijyb.
Ijyb is severely wounded.
Ijyb hits you with a +0 dagger.
* * * LOW HITPOINT WARNING * * *
Unknown command.
It was a potion of berserk rage.
A red film seems to cover your vision as you go berserk!
You feel yourself moving faster!
You feel mighty! Ijyb hits you with a +0 dagger.
* * * LOW HITPOINT WARNING * * *
Unknown command.
You barely miss Ijyb.
Ijyb is severely wounded.
Ijyb hits you with a +0 dagger.
You die...

##.########.......##
#.# #.............#
#.# #.####........# #
#.# #.# ###...##.# #
#.# #.# ##......###
#.# #.# #..........
##.###.# #.##....###
##>)g##.#####.###.#.#
#...gg@.......# #.#.#
##..รท##.####### #.#.#
##.###.#########.#.###
### #................
###########.####. ###
#. #. #. #.


You could see Ijyb and 2 goblins.

Vanquished Creatures
  A dart slug (D:1)
  An endoplasm (D:1)
  4 giant cockroaches
  3 goblins (D:1)
  4 hobgoblins (D:1)
  A kobold (D:1)
  2 bats (D:1)
  A frilled lizard (D:1)
  2 rats (D:1)
19 creatures vanquished.

Notes
Turn   | Place    | Note
-------+----------+-------------------------------------------
     0 | D:1      | Stomo the Vine Stalker Ice Elementalist began the quest for
                  | the Orb.
     0 | D:1      | Reached XP level 1. HP: 9/9 MP: 4/4
    74 | D:1      | Reached XP level 2. HP: 1/14 MP: 1/6
   666 | D:1      | Reached skill level 1 in Fighting
   882 | D:1      | Reached skill level 1 in Maces & Flails
  1210 | D:2      | Found Vycipate's General Store.
  1233 | D:2      | Noticed Ijyb
  1248 | D:1      | Reached XP level 3. HP: 15/18 MP: 3/7
  1304 | D:1      | HP: 1/27 [Ijyb/+0 dagger (1)]
  1305 | D:1      | Slain by Ijyb

Illustrated notes

Levels and vault maps discovered:
D:1:      pf_arrival_petrified_forest, layout_loops_ring, st_stairs_10
D:2:      kennysheep_the_goblin_king, layout_basic, basic_altar, serial_shops,
          shop, shop, shop, shop, nicolae_shop_advertising_works
          [nicolae_subvault_shop_adworks], minmay_misc_feat_secret_circle,
          kennysheep_decorative_pillar

Skill      XL: |  1  2 |
---------------+-------+-----
Fighting       | 1 |  1.1
Maces & Flails | 1 |  1.1
Dodging        | 2 |  2.0
Stealth        | |  2.4
Spellcasting   | |  2.1
Ice Magic      | |  4.0

Action                   || total
-------------------------++-------
Melee: Whip              ||    18
       Bite              ||     3
 Cast: Freeze            ||    32
  Use: Potion            ||     1
Armor: Robe              ||     6
Dodge: Dodged            ||    18
